[Event "4NCL Div 1 2024-25"]
[Site "England"]
[Date "2025.01.25"]
[Round "3.28"]
[White "Pein, Malcolm"]
[Black "Derakhshani, Borna"]
[Result "0-1"]
[Annotator "TA"]
[ECO "A11"]
[WhiteElo "2284"]
[BlackElo "2355"]
[PlyCount "120"]
[EventDate "2024.11.23"]
[EventType "team-tourn"]
[EventCountry "ENG"]
[SourceTitle "playchess.com"]
[Source "ChessBase"]
[SourceQuality "1"]
[TimeControl "40/6000+30:3000+30"]

1. Nf3 d5 2. c4 e6 3. e3 Nf6 4. Nc3 Nbd7 5. b3 c6 6. Bb2 Bd6 7. Qc2 {[%emt 0:00:29] A11: English Opening: 1...c6.} Qe7 8. Rg1 h6 9. g4 {[%emt 0:10:28] The position is equal.} Ne5 10. Nxe5 Bxe5 11. f4 Bd6 12. O-O-O Bd7 $146 (12... Ba3 13. h4 Bxb2+ 14. Qxb2 dxc4 15. bxc4 e5 16. g5 Ng4 17. Be2 h5 18. Rde1 O-O {0-1 Guerra Bastida,D (2326)-Gonzalez Perez,A (2461) Ourense Campus 4th 2017 (5.5)}) 13. h4 h5 14. gxh5 Nxh5 15. Be2 f5 16. Rg5 Nf6 17. Rdg1 Rh7 18. Kb1 d4 19. exd4 {[%emt 0:04:21][%csl Oe6,Og7] Black has weak pawns} (19. c5 $14 Bc7 20. Na4 (20. exd4 Bxf4 21. Rg6 O-O-O $15)) 19... Bxf4 $11 20. R5g2 O-O-O 21. Bf3 Kb8 22. Ne2 Bd6 23. Nc1 (23. Qc1 $11 {is more appropriate.}) 23... Rg8 $1 $15 24. Nd3 Rxh4 25. Ne5 Rh3 26. Qd1 Be8 27. Qf1 Rh6 28. Ng6 $2 (28. Qd3 $11 {and White is okay.}) 28... Bxg6 $19 29. Rxg6 Rxg6 30. Rxg6 Qf7 $1 31. Rg5 Bf4 32. Rg2 g5 33. Re2 Bc7 (33... g4 34. Bxc6 Bc7 35. Bh1 $19) 34. Qe1 g4 35. Bh1 g3 (35... f4 $19 36. Rxe6 f3) 36. d5 $17 exd5 (36... Ne4 $142 $1 37. dxe6 (37. dxc6 Qh7 $17) 37... Qh7 (37... Qxe6 38. d3 $16)) 37. Re7 Qf8 38. Qe6 Ne4 (38... g2 $6 39. Bxg2 Ne4 40. Be5 Bxe5 (40... Nxd2+ $2 41. Kc2 $18) 41. Qxe5+ Ka8 42. cxd5 Nxd2+ 43. Kb2 $11) 39. cxd5 {[%emt 0:00:15] [#]} (39. Be5 $17 {is a better defense.} Bxe5 (39... Nxd2+ 40. Kc2 $14) 40. Qxe5+ Ka8 41. cxd5) 39... Qc8 $2 (39... Nxd2+ 40. Kc2 Ne4 (40... g2 41. Bxg2 Ne4 42. Bg7 $16) 41. Be5 Bxe5 42. Qxe5+ Ka8 43. dxc6 bxc6 44. Qc7 $18) (39... g2 40. Bxg2 Nc5 (40... Nxd2+ 41. Ka1 $16) 41. Qf6 $11) (39... Nc5 $1 $19 40. Qf7 Qxf7 41. Rxf7 f4 (41... g2 42. Bxg2 Rxg2 43. Rf8+ $11)) 40. Qf7 (40. Be5 $11 Bxe5 (40... Nxd2+ $2 41. Ka1 $18) 41. Qxe5+ Ka8 42. d3 cxd5 (42... g2 43. Bxg2 cxd5 44. dxe4 $18) 43. dxe4 dxe4 (43... g2 $2 44. Bxg2 dxe4 45. Qe6 $18) 44. Rc7) 40... Nd6 $19 ({Not} 40... Nxd2+ 41. Kc2 cxd5 (41... g2 42. Rxc7 g1=Q 43. Rxc8+ Kxc8 44. Qe6+ Kd8 45. Bf6+ Kc7 46. dxc6 $16) 42. Kd1 $11) 41. Qh7 g2 42. Bxg2 Rxg2 43. Be5 {[%emt 0:03:43][%cal Oe7c7] [#] and Rxc7! would now be decisive} a5 $1 (43... cxd5 $2 {perishes.} 44. Rxc7 Qxc7 (44... Rg1+ $2 45. Kb2 $18) 45. Qh8+ Nc8 46. Bxc7+ Kxc7 47. Qh7+ Kd8 48. Qxf5 $18 (48. Qxb7 Rxd2 49. Qb5 Nb6 $18)) 44. Rd7 $2 (44. dxc6 bxc6 (44... Rxd2 45. Bf4 $11) 45. Kc2) 44... Rg1+ (44... Qe8 $2 45. Re7 Qc8 (45... Rg1+ 46. Kb2 $11) 46. dxc6 bxc6 (46... Rxd2 47. Bf4 $11) 47. Kc2 $19) 45. Kc2 cxd5 46. Kd3 Nb5 47. Qe7 Rg8 {[%emt 0:02:08] Prevents Rd8.} 48. Bxc7+ (48. Rxd5 $142 Re8 49. Bxc7+ Nxc7 50. Qd6) 48... Nxc7 49. Qd6 {[%emt 0:00:09] [#]} Rg6 $3 50. Qe7 (50. Qxg6 Qxd7) 50... Rg3+ 51. Ke2 Rg8 52. Kd1 Re8 53. Qf7 Rd8 54. Re7 Rf8 55. Qg7 Re8 56. Rd7 f4 57. Rf7 Na6 {[%emt 0:00:25] Hoping for ...Nb4.} 58. Qf6 Nb4 {[%emt 0:01:11][%csl Gb4][%cal Rc8c2] Black mates.} 59. Qxf4+ Ka8 60. Rc7 Qe6 {[%emt 0:00:06] Weighted Error Value: White=0.40/Black=0.17 (very precise)   Loses game:     	White=2     	---        Missed win:     	---       	Black=1      Mistake:       	White=5     	Black=2      Inaccurate:     	White=3     	Black=5      OK:         	White=13    	Black=15     Best:        	White=5     	Black=4      Strong:       	---       	Black=3} 0-1

[Event "4NCL Div 1 2024-25"]
[Site "England"]
[Date "2025.01.25"]
[Round "3.29"]
[White "O`Donnell, Conor"]
[Black "Maycock Bates, David Henry"]
[Result "1-0"]
[Annotator "TA"]
[ECO "A13"]
[WhiteElo "2293"]
[BlackElo "2290"]
[PlyCount "111"]
[EventDate "2024.11.23"]
[EventType "team-tourn"]
[EventCountry "ENG"]
[SourceTitle "playchess.com"]
[Source "ChessBase"]
[SourceQuality "1"]
[TimeControl "40/6000+30:3000+30"]

1. Nf3 d5 2. c4 e6 3. g3 Nf6 4. Bg2 d4 5. e3 c5 6. exd4 cxd4 7. O-O Nc6 8. d3 Be7 {[%emt 0:00:23] A13: English Opening: 1...e6.} 9. Na3 e5 10. Re1 Nd7 {[%emt 0:02:50] White has an edge.} 11. Nc2 a5 12. b3 O-O 13. Rb1 f6 {[%emt 0:17:37] is the legacy move (13...Rb8).} 14. Nh4 f5 $146 (14... Nc5 $11 {keeps the balance.}) (14... Nc5 15. Ba3 g5 16. Nf3 Bf5 17. Bxc5 Bxc5 18. a3 Qd6 19. h4 h6 20. hxg5 hxg5 {½-½ Paunovic,D (2480)-Martinovic,S (2386) SRB-chT Palic 2014 (2.5)}) 15. Bd5+ $16 Kh8 16. Ng2 (16. Qh5 $14 Bxh4 17. Qxh4) 16... Nb4 $11 17. Nxb4 Bxb4 18. Bd2 (18. Re2 $1) 18... f4 19. Rb2 Bd6 20. Bc1 (20. gxf4 $15 exf4 21. f3) 20... Nf6 $1 $17 21. Bf3 fxg3 (21... Qd7 $17 22. c5 Bc7 (22... Bxc5 23. Rxe5 Bd6 24. Rg5 $14)) 22. hxg3 Qc7 23. Rc2 Bb4 24. Bd2 Bc5 25. Qe2 {[%emt 0:02:30][%cal Oa2a3] [#]} e4 {[%emt 0:02:34] Black plays in the center} 26. dxe4 {[%emt 0:02:36] [#]} (26. Bxe4 $14 Nxe4 27. Qxe4) 26... d3 $1 $11 27. Qxd3 {[%emt 0:01:56] [#]} (27. Bf4 $2 Qd8 (27... Qxf4 $2 28. Nxf4 dxe2 29. e5 $19) 28. Qd2 dxc2 $19) 27... Bxf2+ $1 28. Kxf2 Ng4+ 29. Ke2 Ne5 $1 30. Qd5 (30. Bf4 $2 Rxf4 31. gxf4 Nxd3 32. Kxd3 g5 $19) 30... Rxf3 31. Ne3 (31. Bf4 Bg4 32. Kd2 (32. Bxe5 $2 Rf5+ 33. Ke3 Rxe5 $19) 32... Rd8 33. Bxe5 Rxd5+ 34. exd5 Qc5 $17) ({White should play} 31. Rf1 $1 $15 Bg4 32. Rxf3 Bxf3+ 33. Kf1) 31... Rf8 (31... Rxg3 $17 {aiming for ...Bh3.} 32. c5 Nf3) 32. Bc3 $15 Ng4 {[%emt 0:00:03] [#]} (32... Nf3 $2 33. Rf1 $18) (32... Bg4+ $1 $15 {keeps the upper hand.} 33. Nxg4 Nxg4) 33. Rf1 {[%emt 0:01:05] Some like it hot} (33. Qg5 $1 $16 Nxe3 34. Kxe3) 33... Rxf1 (33... Be6 $1 $11 34. Rxf8+ (34. Qxe6 Nxe3 35. Rxf8+ Rxf8 $11) 34... Rxf8 35. Qxe6 Nxe3 36. Kxe3 Qxg3+ 37. Kd2 Qg1) 34. Nxf1 $40 {[%emt 0:00:02][%mdl 128] White attacks with force.} Bd7 35. Qg5 Be6 36. Rd2 (36. Ne3 $16 Nxe3 37. Kxe3) 36... Rf8 $1 $11 37. Ne3 (37. Qxa5 Bxc4+ (37... Qf7 $2 38. Nh2 $19) 38. bxc4 Qxc4+ 39. Kd1 Qxf1+ (39... Rxf1+ $2 40. Kc2 $19) 40. Kc2 Ne3+ 41. Kb3 Qc4+ (41... Nc4 42. Bxg7+ Kxg7 43. Qc7+ Kg6 44. Qxc4 $11) 42. Ka3 b5 $19 (42... Qxe4 43. Bxg7+ Kg8 44. Kb3 $19)) 37... Nxe3 (37... h6 $1 $11 38. Nd5 (38. Qxa5 $2 Qxg3 39. Bd4 Nxe3 $19) 38... Qf7) 38. Kxe3 $16 (38. Qxe3 $2 Bg4+ 39. Ke1 Rf3 $19) 38... Qf7 (38... a4 $142) 39. Kd3 {[%emt 0:00:28] Active counter play!} ({Much weaker is} 39. Bxa5 $6 Qf3+ 40. Kd4 Kg8 $11) (39. Rd8 $16 {[%cal Og5g7] and Qxg7+! would now be decisive} Qf2+ 40. Kd3 Rxd8+ 41. Qxd8+ Bg8 42. Qg5 (42. Bxa5 Qxg3+ 43. Kc2 Qg2+ 44. Bd2 Qxe4+ 45. Kb2 h5 $11) 42... Qf1+ 43. Kc2 Qf2+ 44. Kb1 Qg1+ 45. Kb2 Qf2+ 46. Ka3 Qf8+ 47. Ka4) 39... Qf3+ (39... a4 $14) 40. Kc2 $18 Qxe4+ {[%emt 0:00:02] Black is weak on the dark squares} 41. Kb2 Qg6 42. Qxg6 hxg6 43. Bxa5 $16 {[%emt 0:00:00][%mdl 4096] Endgame KRB-KRB. White is a pawn up.} Rf3 44. Rd8+ Kh7 45. Rb8 Rf7 46. Bd2 {[%emt 0:00:00] Prevents g5} g5 (46... Bh3 $16 47. Bf4 Bg2) 47. Bxg5 $18 Kg6 48. Bf4 Kf5 49. Kc3 Kg4 (49... Rd7 {was worth a try.} 50. Re8 Kf6) 50. Kd4 Bf5 51. Bd6 Rd7 52. c5 g6 53. b4 Bc2 54. b5 Bd1 55. Rf8 Rh7 (55... Ba4 $142 56. Rf4+ Kh3) 56. c6 {[%emt 0:01:03] Weighted Error Value: White=0.23 (precise) /Black=0.36  Mistake:       	White=8     	Black=12     Inaccurate:     	White=4     	Black=3      OK:         	White=18    	Black=13     Best:        	White=4     	Black=4      Strong:       	---       	Black=3      Brilliant:      	---       	Black=1} 1-0

[Event "4NCL Div 1 2024-25"]
[Site "England"]
[Date "2025.01.25"]
[Round "3.30"]
[White "Bezuidenhout, Roland"]
[Black "Fitzsimons, David"]
[Result "0-1"]
[Annotator "TA"]
[ECO "A20"]
[WhiteElo "2285"]
[BlackElo "2317"]
[PlyCount "86"]
[EventDate "2024.11.23"]
[EventType "team-tourn"]
[EventCountry "ENG"]
[SourceTitle "playchess.com"]
[Source "ChessBase"]
[SourceQuality "1"]
[TimeControl "40/6000+30:3000+30"]

1. c4 e5 2. g3 c6 3. d4 Bb4+ 4. Bd2 Bxd2+ 5. Qxd2 d6 6. Nc3 Nf6 7. dxe5 {[%emt 0:02:33] A20: English Opening: 1...e5.} dxe5 8. Qxd8+ Kxd8 9. e4 $146 {[%emt 0:01:58] The position is equal.} (9. Nf3 Nbd7 10. Bg2 h6 11. Nd2 Kc7 12. b4 Rd8 13. a4 a5 14. b5 Nc5 15. bxc6 bxc6 {0-1 Miezis,N (2557)-Ni,H (2637) Dubai op 14th 2012 (3)}) 9... Nbd7 10. Nf3 Re8 11. Bh3 Kc7 12. Bxd7 Bxd7 (12... Nxd7 $17 13. Ke2 Nf8) 13. Nd2 Be6 14. Rc1 Rad8 15. Nd5+ Kb8 16. Ne3 (16. Nxf6 $11 gxf6 17. Ke2) 16... Ng4 {[%emt 0:14:58] Black is much more active.} 17. Nxg4 Bxg4 18. f3 Be6 19. Ke2 Rd4 20. b3 f5 21. Rhd1 Red8 22. Ke1 Kc7 23. exf5 Bxf5 24. Nf1 Kb6 25. Ne3 Be6 26. Nc2 (26. Rc2 $11 {might be stronger.}) 26... R4d7 ({Black should try} 26... Rd3 $15) 27. Rxd7 $11 Rxd7 {[%emt 0:00:06][%mdl 4096] Endgame KRB-KRN} 28. Ne3 Kc5 29. Rd1 (29. Rc2 $11) 29... Kb4 $15 30. Rxd7 ({White should play} 30. Rc1 $1 $15) 30... Bxd7 {[%emt 0:00:06] KB-KN} 31. Kd2 Ka3 $1 32. Kc3 {[%emt 0:00:10] [#] Against a5} (32. Kc2 $17 {was necessary.}) 32... a5 $1 $19 ({Don't take} 32... Kxa2 33. b4 $17) 33. Nc2+ Kxa2 34. b4 {[%emt 0:00:23] [#]} a4 35. h4 (35. f4 $142 e4 (35... exf4 $2 36. gxf4 b5 37. cxb5 $19) 36. h4) 35... h5 36. Ne3 Kb1 37. Nc2 Bf5 38. Na3+ Ka2 39. Nc2 a3 {[%emt 0:00:29] Strongly threatening ...Bxc2.} 40. c5 g6 41. f4 e4 (41... Bxc2 $142 42. Kxc2 e4) 42. Ne3 Kb1 43. Nc4 {[%emt 0:00:00] [#]} e3 $1 {[%emt 0:00:00][%mdl 512] Weighted Error Value: White=0.77/Black=0.35  Mistake:       	White=6     	Black=2      Inaccurate:     	White=4     	Black=1      OK:         	White=9     	Black=9      Best:        	White=1     	Black=1      Strong:       	---       	Black=2} 0-1

[Event "4NCL Div 1 2024-25"]
[Site "England"]
[Date "2025.01.25"]
[Round "3.31"]
[White "Kalaiyalahan, Akshaya"]
[Black "Jarocka, Liwia"]
[Result "1-0"]
[Annotator "TA"]
[ECO "E04"]
[WhiteElo "2130"]
[BlackElo "2267"]
[PlyCount "83"]
[EventDate "2024.11.23"]
[EventType "team-tourn"]
[EventCountry "ENG"]
[SourceTitle "playchess.com"]
[Source "ChessBase"]
[SourceQuality "1"]
[TimeControl "40/6000+30:3000+30"]

1. Nf3 d5 2. g3 c5 3. Bg2 Nf6 4. O-O Nc6 5. d4 e6 6. c4 dxc4 7. Qa4 cxd4 8. Nxd4 Qxd4 9. Bxc6+ Bd7 10. Rd1 Qxd1+ {[%emt 0:06:10] seems to push 10...Bxc6 aside.} 11. Qxd1 Bxc6 {[%emt 0:00:03] E04: Open Catalan: 5 Nf3.} 12. Bg5 Ne4 13. Be3 {[%emt 0:01:33] A sharp opening} Be7 $146 {[%emt 0:05:55] White is slightly better.} (13... Rd8 14. Qc2 b5 15. a4 a6 16. axb5 axb5 17. Ra6 Bd5 18. Na3 Bc5 19. Bxc5 Nxc5 20. Ra5 Be4 21. Qc1 Nb3 22. Qa1 Nxa1 {0-1 Boldoo,E (2375)-Rosenberg,E (1932) Titled Tuesday intern op 09th Jan Early blitz 2024 (8)}) 14. Qc2 O-O 15. Nd2 Nxd2 16. Bxd2 Rfd8 17. Be3 {[%emt 0:21:07] White is weak on the light squares} Bf6 18. a4 Rd5 19. f3 a6 20. Qxc4 Bxb2 {[%emt 0:00:44] This pair of bishops is nice.} 21. Rb1 Bf6 22. Bb6 Bd8 23. Bd4 {[%emt 0:05:13][%mdl 1024] White has compensation.} e5 24. Bc3 Bf6 25. Kf2 Rad8 26. Ra1 Be7 27. Ke1 Kh8 28. e4 Rd3 29. Ke2 {[%emt 0:00:23][%cal Oc3a5] Prevents Re3+.} (29. Bxe5 f6 (29... Rxf3 30. Ke2 $16) 30. Bc3 (30. Bc7 R8d4 $15) 30... Rxf3 $16) 29... R3d7 (29... Bxa4 $14 30. Rxa4 b5 31. Qxd3 (31. Qxf7 Rxc3 32. Ra2 Bc5 $11) 31... Rxd3 (31... bxa4 $2 {loses.} 32. Qc4 $18) 32. Rxa6 Rd8) 30. Qxf7 $16 Bf6 31. Qc4 {[%emt 0:00:27] Active counter play!} Rc8 {[%emt 0:00:16][%cal Oc6b5] ...Bb5! is the strong threat.} 32. Qb3 b5 {[%emt 0:00:32] [#]} 33. a5 b4 34. Bxb4 (34. Qxb4 Be7 35. Qb3 Rb7 $19) 34... Bb5+ 35. Kf2 Rdc7 (35... Be7 $16 36. Bxe7 Rd2+ 37. Kg1 Rcc2 38. Qxc2 Rxc2) 36. Rd1 $18 Bg5 37. h4 Bh6 (37... Bf6 38. Rd2 Rc4) 38. Kg1 Bc4 39. Qa3 Rf7 $2 (39... Be6 {keeps fighting.} 40. Be1 Bg8) 40. Qc3 {[%emt 0:00:30][%cal Oc3c4] And now Qxc4! would win.} Kg8 {[%emt 0:00:54] [#]} (40... g6 $18 41. Bd6 (41. Qxe5+ Bg7 $18) 41... Kg8) 41. Qxc4 $1 Be3+ 42. Kg2 {[%emt 0:00:19] Weighted Error Value: White=0.15 (very precise) /Black=0.41  Mistake:       	---       	Black=5      Inaccurate:     	White=5     	Black=1      OK:         	White=9     	Black=10     Best:        	White=3     	Black=2      Brilliant:      	White=1     	---} 1-0

[Event "4NCL Div 1 2024-25"]
[Site "England"]
[Date "2025.01.25"]
[Round "3.32"]
[White "Banerjee, Supratit"]
[Black "Sygnowski, Tomasz"]
[Result "1-0"]
[Annotator "TA"]
[ECO "C02"]
[WhiteElo "2141"]
[BlackElo "2101"]
[PlyCount "161"]
[EventDate "2024.11.23"]
[EventType "team-tourn"]
[EventCountry "ENG"]
[SourceTitle "playchess.com"]
[Source "ChessBase"]
[SourceQuality "1"]
[TimeControl "40/6000+30:3000+30"]

1. e4 e6 2. d4 d5 3. e5 c5 4. c3 Nc6 5. Nf3 Qb6 6. Bd3 Bd7 7. O-O Rc8 (7... cxd4 $15 {keeps the upper hand.} 8. h3 Nge7) 8. dxc5 $1 $16 {[%emt 0:16:44] C02: French: Advance Variation.} Bxc5 9. b4 Be7 10. Re1 {[%emt 0:09:29] White is better.} f6 11. exf6 Nxf6 12. Ng5 (12. Be3 $14 Qc7 13. b5) 12... O-O $146 (12... Nd8 13. Be3 Qc7 14. Bd4 Qf4 15. Nh3 Qh6 16. Nd2 O-O 17. Nf3 Ng4 18. Ne5 Nxe5 19. Rxe5 {1-0 Gara,A (2360)-Yugina,M (2096) ROM-chT (Women) 2022 (7.10)}) 13. Nxe6 {[%emt 0:07:39] [#]} (13. Bf4 $15) 13... Ng4 $1 $17 14. Be3 (14. Bxh7+ Kxh7) 14... Nxe3 15. Qh5 {[%emt 0:01:10] [#]} Rf5 $3 16. Bxf5 Nxf5 17. Nd2 (17. Qxf5 $17 Nd8 18. Qxd5 Bxe6 (18... Nxe6 $2 19. Qxd7 Rd8 20. Qxe7 $18) 19. Qh5) 17... g6 $19 18. Qe2 Re8 (18... Bd6 $19 {Threatens to win with ...Re8.} 19. Qd3 Nce7) 19. Nf4 $1 $15 Bf6 $2 (19... Bh4 $1 $17 20. Qf3 Ne5 21. Qxd5+ Kh8 22. Rxe5 Qxf2+ 23. Kh1 Qxf4) 20. Qf3 ({White must play} 20. Qxe8+ $1 $16 Bxe8 21. Nxd5 Bxc3 (21... Qd8 $2 22. Rxe8+ Kf7 23. Rxd8 $18) 22. Nxb6) 20... Nce7 21. Nxd5 Nxd5 22. Qxd5+ Be6 23. Qf3 (23. Nc4 $5 Qc6 (23... Bxd5 $2 24. Rxe8+ Kf7 25. Nxb6 $18) 24. Qxc6 bxc6 25. Rac1 $17) 23... Qc6 {[%emt 0:01:32][%mdl 1024] Black has compensation.} 24. Ne4 Bg7 {[%emt 0:00:14] This pair of bishops is nice.} 25. Rad1 {[%emt 0:06:33][%cal Ba1d1,Bd1b1,Bb1b7][%mdl 32] Dodges Bd5} Bf7 (25... Bxa2 $5 26. g4 Bb3 $15) 26. h3 {[%emt 0:03:37][%cal Ob4b5] [#]} h6 (26... a6 $1 $17 27. Re2 Be5) 27. a4 a6 (27... Bb3 $15 28. b5 Bxd1 29. bxc6 Bxf3 30. Nf6+ Kf7 (30... Bxf6 $2 31. Rxe8+ Kf7 32. c7 $18) 31. Nxe8 Bxc6 (31... Bxc3 $2 32. c7 $18) 32. Nxg7 Kxg7 (32... Nxg7 33. c4 $15)) 28. b5 $1 $11 axb5 29. axb5 Qxb5 30. Rb1 (30. g4 $5 Qc6 (30... Nh4 31. Qxf7+ Kxf7 32. Nd6+ Kf6 33. Nxb5 $14) 31. gxf5 gxf5 (31... Bd5 $2 32. Rxd5 gxf5 33. Rxf5 $18) 32. Nd2 $16 (32. Qxf5 Bg6 $17)) 30... Qc6 31. Rxb7 $1 Qe6 (31... Qxb7 $2 32. Nf6+ Bxf6 33. Rxe8+ (33. Qxb7 $2 Rxe1+ 34. Kh2 Rf1 $19) 33... Bxe8 34. Qxb7 $18) (31... Nd6 $5 32. Rb8 (32. Nf6+ Bxf6 33. Qxc6 Rxe1+ 34. Kh2 Be5+ 35. f4 Bxf4+ 36. g3 Nxb7 $19) 32... Nxe4 33. Rxe8+ Qxe8 34. Rxe4 Qc6 $11) 32. Re2 Kh8 (32... Be5 $11 {keeps the balance.}) 33. g4 {[%emt 0:01:33] White is more active.} ({Better is} 33. Ng3 $16 Qf6 34. Rxe8+ Bxe8 35. Rb8) 33... Qd5 $15 34. Rxf7 Nh4 {[%emt 0:00:56] [#]} (34... Qd1+ $1 $15 35. Kh2 Be5+ 36. Ng3 Qxe2 (36... Bxg3+ $2 37. Qxg3 Qxe2 38. gxf5 $18) 37. Qxe2 (37. Rxf5 $2 gxf5 38. Qxf5 Qe4 $19) 37... Bxg3+ 38. Kg2 Rxe2 39. gxf5 Kg8 (39... Bxf2 $2 40. Kf3 $19)) 35. Qe3 $1 $16 {[%emt 0:00:25][%cal Of7g7] Rxg7! would now be deadly.} Qxf7 36. Ng5 $1 Rxe3 ({Black should try} 36... hxg5 37. Qxe8+ Qxe8 38. Rxe8+ Kh7) 37. Nxf7+ Kg8 38. Nxh6+ Bxh6 39. fxe3 Nf3+ 40. Kf2 Ng5 (40... Ne5 $16 41. Ra2 Nc4) 41. Kg2 $18 Kf7 42. h4 Ne4 {[%emt 0:00:00] Prevents Rf2+} 43. c4 Ke6 44. Kf3 Nd6 45. c5 Nf7 46. Ke4 Ne5 47. g5 Bf8 48. Rf2 Be7 49. Kd4 $2 (49. Rf4 $18) 49... Bxc5+ $11 50. Ke4 (50. Kxc5 $2 {perishes.} Nd3+ 51. Kd4 Nxf2 $19) 50... Be7 {[%emt 0:00:00] Against Rf6+} 51. Ra2 Nd7 52. Ra6+ Bd6 53. Ra8 Bf8 54. Ra1 Nc5+ 55. Kf4 Nd3+ 56. Kg4 Ne5+ 57. Kh3 Bc5 58. e4 Bd6 59. Ra7 Nf7 60. Ra8 Be7 61. Rg8 Ne5 62. Ra8 Nf7 63. Kg3 Bd6+ 64. Kg4 Ne5+ 65. Kh3 Nf7 66. Ra6 Ke5 67. Ra4 Ke6 68. Ra5 Be7 69. Ra1 Nd6 70. Ra4 Nf7 71. Ra5 Ne5 72. Ra6+ Bd6 {[%emt 0:01:07] [#]} 73. h5 $1 gxh5 74. Kh4 Nd3 $2 (74... Ng6+ $11 75. Kxh5 Nf4+ 76. Kg4 (76. Kh6 Ke5 $14) 76... Ng6) 75. g6 $1 $18 {[%emt 0:01:24][%cal Bg5g6,Bg6g7][%mdl 32] White threatens g7! and mate.} ({Weaker is} 75. Kxh5 Nc5 76. Ra7 Nxe4 $11) 75... Ne5 76. g7 Ng6+ 77. Kxh5 {[%emt 0:00:04] White mates.} Ne7 78. Ra7 Ng8 79. Kg6 Be5 80. Ra6+ Ke7 81. Kh7 {[%emt 0:00:06] What a fight!   Weighted Error Value: White=0.26 (precise) /Black=0.32  Loses game:     	---       	Black=1      Missed win:     	White=1     	---        Mistake:       	White=6     	Black=9      Inaccurate:     	White=4     	Black=4      OK:         	White=16    	Black=22     Best:        	White=3     	Black=5      Strong:       	White=6     	---        Brilliant:      	---       	Black=1} 1-0

[Event "4NCL Div 1 2024-25"]
[Site "England"]
[Date "2025.01.25"]
[Round "3.33"]
[White "Hebden, Mark L"]
[Black "Parker, Jonathan F"]
[Result "1-0"]
[Annotator "TA"]
[ECO "D03"]
[WhiteElo "2372"]
[BlackElo "2523"]
[PlyCount "87"]
[EventDate "2024.11.23"]
[EventType "team-tourn"]
[EventCountry "ENG"]
[SourceTitle "playchess.com"]
[Source "ChessBase"]
[SourceQuality "1"]
[TimeControl "40/6000+30:3000+30"]

1. d4 Nf6 2. Nf3 e6 3. Bg5 h6 4. Bh4 c5 5. e3 Be7 6. c3 b6 7. Nbd2 O-O 8. Rc1 Bb7 9. Bd3 d5 10. O-O Nbd7 11. Qe2 Ne4 {[%emt 0:05:52] Strongly threatening ...Nxd2. D03: 1 d4 d5 2 Nf3 Nf6 3 Bg5, including Torre Attack with early ...d5.} 12. Bxe7 Qxe7 13. Rfd1 Rfd8 $146 {[%emt 0:04:44] The position is equal.} (13... Rac8 14. Ba6 Nxd2 15. Nxd2 Nf6 16. f3 Bxa6 17. Qxa6 Rc7 18. Qd3 Rfc8 19. a3 e5 {½-½ Lapo,S (1760)-Zivkovic,M (1971) Lukavac op 8th 2019 (5)}) 14. Ne5 Ndf6 15. Bb1 Rac8 16. Nf1 a6 17. f3 {[%emt 0:01:18] The position is symmetric and equal} Nd6 18. g4 Nd7 19. Ng3 Nf8 20. Re1 Rc7 21. Rcd1 a5 22. Qf2 Qe8 23. f4 f6 24. Nf3 Rf7 25. h4 Ne4 26. Qg2 Nh7 27. Nd2 f5 28. g5 hxg5 29. hxg5 Nf8 30. Nf3 g6 (30... cxd4 $11 {remains equal.} 31. Rxd4 Ng6) 31. Ne5 $16 Rh7 (31... Rc7 $142) 32. Bxe4 {[%emt 0:00:51][%csl Oe5] Strong Square White (e5)} dxe4 33. dxc5 {[%emt 0:01:39] White is more active.} bxc5 34. Rxd8 Qxd8 35. Qe2 $1 Qc8 {[%emt 0:05:58] [#]} 36. Rd1 Ba6 {[%emt 0:00:04] [#]} (36... Bc6 $142 37. Qd2 Be8) 37. c4 $1 $18 a4 (37... Nd7 $142 38. Rd6 (38. Nxg6 Qe8 $16) 38... Nxe5 39. fxe5 Rd7) 38. Rd6 a3 {[%emt 0:00:41] White is clearly winning.} 39. b3 Bb7 40. Qd2 {[%emt 0:00:45] Black must now prevent Rd8.} Qc7 41. Rd8 Kg7 (41... Rg7 $142 42. Ne2 Bc8) 42. Qd6 Qxd6 43. Rxd6 Rh8 44. Rd8 {[%emt 0:00:58] Weighted Error Value: White=0.07 (flawless) /Black=0.47  Mistake:       	---       	Black=5      Inaccurate:     	White=1     	Black=3      OK:         	White=14    	Black=8      Best:        	White=2     	---        Strong:       	White=2     	---} 1-0